 Dungeon Crawl Stone Soup version 0.23.1-37-gaa34b87 (webtiles) character file.

Game seed: 10852612017530307062

28 Irenicus the Digger (level 2, -2/22 HPs)
             Began as a Deep Dwarf Earth Elementalist on Mar 23, 2019.
             Succumbed to kobold's curare-tipped needle
             ... on level 2 of the Dungeon.
             The game lasted 00:03:43 (623 turns).

Irenicus the Digger (Deep Dwarf Earth Elementalist)  Turns: 623, Time: 00:03:44

Health: -2/22      AC:  3    Str:  8    XL:     2   Next: 96%
Magic:  2/5        EV: 12    Int: 15    God:
Gold:   86         SH:  0    Dex: 13    Spells: 2/5 levels left

rFire    . . .     SeeInvis .   h - +0 mace
rCold    + . .     Gourm    .   (no shield)
rNeg     . . .     Faith    .   c - +0 robe
rPois    .         Spirit   .   (no helmet)
rElec    .         Reflect  .   r - +0 cloak
rCorr    .         Harm     .   (no gloves)
MR       .....                  g - +0 pair of boots
Stlth    ++........             (no amulet)
HPRegen  0.00/turn              f - ring of protection from cold {rC+, !d}
MPRegen  0.09/turn              n - -3 ring of strength (curse)

@: lethally poisoned (-2 -> -18), non-regenerating, slowed, very slow
A: damage resistance, heal wounds, deformed body, mutation resistance 1, sense
surroundings 1, no regeneration
a: Heal Wounds


You were on level 2 of the Dungeon.
You were not hungry.

You visited 1 branch of the dungeon, and saw 2 of its levels.

You collected 86 gold pieces.

Inventory:

Hand Weapons
 h - a +0 mace (weapon)
   (You found it on level 1 of the Dungeon)
Missiles
 b - 40 stones (quivered)
Armour
 c - a +0 robe (worn)
 g - a +0 pair of boots (worn)
   (You found it on level 1 of the Dungeon)
 r - a +0 cloak (worn)
   (You found it on level 2 of the Dungeon)
Jewellery
 f - a ring of protection from cold (left hand) {rC+, !d}
   (You found it on level 1 of the Dungeon)
 n - a cursed -3 ring of strength (right hand)
   (You found it on level 1 of the Dungeon)
Scrolls
 a - a scroll of magic mapping {unknown}
 e - a scroll of remove curse {unknown}
 i - a scroll of fog {unknown}
 k - 2 scrolls of identify {unknown}
 l - a scroll of amnesia {unknown}
 p - 2 scrolls of enchant armour {unknown}
 t - a scroll of teleportation {unknown}
Potions
 j - 2 potions of mutation {!q}
 m - a potion of invisibility {unknown}
 o - a potion of lignification {unknown}
 q - a potion of resistance {unknown}
 s - a potion of ambrosia {unknown}
Comestibles
 d - 4 rations


   Skills:
 - Level 2.1 Dodging
 - Level 2.4 Stealth
 + Level 2.4 Spellcasting
 - Level 0.8 Transmutations
 + Level 4.8 Earth Magic


You had 2 spell levels left.
You knew the following spells:

 Your Spells              Type           Power        Failure   Level  Hunger
a - Sandblast             Erth           ###...       3%          1    #......
w - Passwall              Tmut/Erth      ##......     10%         2    ###....

Your spell library contained the following spells:

 Spells                   Type           Power        Failure   Level  Hunger
 Stone Arrow              Conj/Erth      #.....       24%         3    ###....
 Petrify                  Tmut/Erth      ##......     54%         4    #####..
 Lee's Rapid Deconstruct  Erth           ###.......   63%         5    ######.


Dungeon Overview and Level Annotations

Branches:
Dungeon (2/15)

Altars:


Innate Abilities, Weirdness & Mutations

You are resistant to damage.
You can heal yourself by infusing magical energy.
You passively map a small area around you.
You do not regenerate.
Armour fits poorly on your strangely shaped body.
You are somewhat resistant to further mutation.


Message History

Things that are here:
a +0 dagger; a goblin corpse A rock wall.
You begin to meditate on the wall.
You continue meditating on the rock. x2
You finish merging with the rock.
You now have 2/5 mp.
A rock wall.
You begin to meditate on the wall.
You continue meditating on the rock. x2
You finish merging with the rock.
You now have 1/5 mp.
Really walk into that teleport trap?
You enter a teleport trap!
The teleport trap disappears.
Your surroundings suddenly seem different.
There is a stone staircase leading down here.
You climb downwards.
There is a stone staircase leading up here.
You see here a ring mail.
q - a dark potion You open the door.
There is an open door here.
You open the door.
There is an open door here.
Found a stone staircase leading up.
A giant cockroach comes into view.
MP restored: 5
Aim: a giant cockroach The blast of sand hits the giant cockroach but does no damage.
b - 44 stones You now have 4/5 mp.
Aim: a giant cockroach The blast of sand hits the giant cockroach!
You kill the giant cockroach!
b - 43 stones You now have 3/5 mp.
p - 2 scrolls labeled TOHAQU ZIUME (gained 1)
A rock wall.
You begin to meditate on the wall.
You continue meditating on the rock. x3
You finish merging with the rock.
A ball python comes into view.
You now have 2/5 mp.
You see here a scroll labeled CESMIPRAECH.
Unknown command.
The helpless ball python fails to defend itself.
You thump the ball python!
You kill the ball python!
Unknown command.
k - 2 scrolls labeled CESMIPRAECH (gained 1)
r - a cloak Wear which item? (? for menu, Esc to quit)
You start putting on your armour.
You continue putting on your cloak. x4
You finish putting on your +0 cloak.
s - a cyan potion A frilled lizard comes into view.
You see here a scroll labeled KEIGAJATIPH.
Aim: a frilled lizard The blast of sand misses the frilled lizard.
b - 42 stones The frilled lizard bites you but does no damage.
You now have 3/5 mp.
Aim: a frilled lizard The blast of sand misses the frilled lizard.
b - 41 stones The frilled lizard bites you but does no damage.
You now have 2/5 mp.
Aim: a frilled lizard The blast of sand hits the frilled lizard!
You kill the frilled lizard!
b - 40 stones You now have 1/5 mp.
t - a scroll labeled KEIGAJATIPH
j - 3 viscous grey potions (gained 1)
A hobgoblin and a kobold come into view.
The kobold wields a +0 blowgun.
The kobold shoots a curare-tipped needle.
The curare-tipped needle hits you.
You are poisoned.
You have difficulty breathing.
You feel yourself slow down.
You see here a curare-tipped needle.
You take 3 damage, and have 19/22 hp.
The kobold shoots a curare-tipped needle.
The curare-tipped needle hits you.
You are more poisoned.
You have difficulty breathing.
You feel as though you will be slow longer.
You see here a curare-tipped needle.
You take 8 damage, and have 11/22 hp.
MASSIVE DAMAGE!!
You feel very sick.
The hobgoblin shouts!
The kobold shoots a curare-tipped needle.
The curare-tipped needle hits you.
You are lethally poisoned!
You have difficulty breathing.
* * * LOW HITPOINT WARNING * * *
You feel as though you will be slow longer.
Things that are here:
a curare-tipped needle; an encrusted emerald ring You take 9 damage, and have 2/22 hp.
MASSIVE DAMAGE!!
It was a potion of mutation.
You feel extremely strange.
You feel genetically stable.
Your body twists and deforms.
You die...

#............... *
.......................
.......................>
............###........
*
#......................
, #.....................
, #....................
##..####.#.†.....# *
###.# #.#....((@# * * #
#.# #.#.............. #
#.# #(#..............* #
#.# #.#.............. #
#.# #.#.............. #
#.#* #.######.....K... #
.. * #.......##* # ,,, ,
........# # , , ,


You could see a kobold.

Vanquished Creatures
  A dart slug (D:1)
  3 giant cockroaches
  2 goblins (D:1)
  2 hobgoblins (D:1)
  4 jackals (D:1)
  2 kobolds (D:1)
  2 ball pythons
  2 bats (D:1)
  2 frilled lizards
  4 rats (D:1)
24 creatures vanquished.

Notes
Turn   | Place    | Note
-------+----------+-------------------------------------------
     0 | D:1      | Irenicus the Deep Dwarf Earth Elementalist began the quest
                  | for the Orb.
     0 | D:1      | Reached XP level 1. HP: 15/15 MP: 3/3
   171 | D:1      | Reached skill level 2 in Spellcasting
   181 | D:1      | Reached XP level 2. HP: 22/22 MP: 0/5
   204 | D:1      | Learned a level 2 spell: Passwall
   622 | D:2      | HP: 2/22 [asphyx]
   623 | D:2      | Gained mutation: You are somewhat resistant to further
                  | mutation. [potion of mutation]
   623 | D:2      | Gained mutation: Armour fits poorly on your strangely
                  | shaped body. [potion of mutation]
   623 | D:2      | Succumbed to kobold's curare-tipped needle

Skill      XL: |  1 |
---------------+----+-----
Spellcasting   | 2 |  2.4
Dodging        | |  2.1
Stealth        | |  2.4
Transmutations | |  0.8
Earth Magic    | |  4.8

Action                   || total
-------------------------++-------
Melee: Mace              ||    19
 Cast: Sandblast         ||    23
       Passwall          ||     6
  Use: Potion            ||     1
 Stab: Sleeping          ||     2
Armor: Robe              ||     6
Dodge: Dodged            ||    16

Levels and vault maps discovered:
D:1:      lemuel_arrival_room, layout_basic
D:2:      minmay_roachtagon, layout_basic

Table legend:
 A = Turns spent in this place as a percentage of turns spent in the entire game.
 B = Non-inter-level travel turns spent in this place as a percentage of non-inter-level travel turns spent in the entire game.
 C = Inter-level travel turns spent in this place as a percentage of turns spent in this place.
 D = Turns resting spent in this place as a percentage of non-inter-level travel turns spent in this place.
 E = Turns spent auto-exploring this place as a percentage of non-inter-level travel turns spent in this place.
 F = Non-inter-level travel turns spent in this place divided by the number of levels of this place that you've seen.
                   A       B       C       D       E      F
               +-------+-------+-------+-------+-------+----------------------
         Total | 100.0 | 100.0 |   0.0 |   0.0 |   0.0 | 311.5
       Dungeon | 100.0 | 100.0 |   0.0 |   0.0 |   0.0 | 311.5
               +-------+-------+-------+-------+-------+----------------------

Table legend:
 A = Kills in this place as a percentage of kills in entire the game.
 B = Kills by you in this place as a percentage of kills by you in the entire game.
 C = Kills by friends in this place as a percentage of kills by friends in the entire game.
 D = Other kills in this place as a percentage of other kills in the entire game.
 E = Experience gained in this place as a percentage of experience gained in the entire game.
 F = Experience gained in this place divided by the number of levels of this place that you have seen.
                   A       B       C       D       E      F
               +-------+-------+-------+-------+-------+----------------------
         Total | 100.0 | 100.0 |   N/A |   N/A | 100.0 |  20.0
       Dungeon | 100.0 | 100.0 |   N/A |   N/A | 100.0 |  20.0
               +-------+-------+-------+-------+-------+----------------------
